Unix NetHack Version 3.7.0-53 Work-in-progress - last build Apr 18 2022 03:42:42 (02b85442fffe0e2954e411e09df771b56fe27bbc,branch:master). Game began 2022-04-23 10:18:34, ended 2022-04-23 15:12:12. Arasaka, lawful female dwarven Cavewoman ----- ------ |...| |....| |...----..0.| |........00@| |..--->---%.| ---.---------| |.....|%^^...| |.....|----..| |.....| |.-- |.....-----.| |...........| ----------..| ---- Arasaka the Wanderer St:18/02 Dx:10 Co:19 In:7 Wi:11 Ch:7 Lawful Dlvl:7 $:211 HP:12(76) Pw:15(15) AC:-5 Xp:6/504 T:4402 Latest messages: You miss the fire ant. The fire ant misses! The fire ant bites! You're on fire! You miss the fire ant. The fire ant bites! The fire ant bites! You're on fire! The fire ant bites! The fire ant bites! You're on fire! You see no objects here. What do you want to write with? [- a-dfilptzGHK or ?*] You write in the dust with your fingertip. What do you want to write in the dust here? Elbereth The fire ant turns to flee. The fire ant turns to flee. The fire ant turns to flee. Really save? [yn] (n) Saving... Restoring save file... Hello Arasaka, the dwarven Cavewoman, welcome back to NetHack! Something is written here in the dust. You read: "Elbcre?h". # Really quit? [yn] (n) Major events: Turn 1: Arasaka the lawful dwarven Cavewoman entered the dungeon 471: entered the Gnomish Mines 983: attained the rank of Aborigine (level 3) 1453: made her first wish - "3 blessed charging" 2972: attained the rank of Wanderer (level 6) 3315: wished for "greased blessed +2 gray dragon scale mail" 3751: entered the Bigroom 4139: entered Sokoban 4402: quit Inventory: Coins ('$') $ - 211 gold pieces Weapons (')') b - an uncursed +2 sling (alternate weapon; not wielded) K - a cursed -2 elven dagger (weapon in hand) a - an uncursed +1 club Armor ('[') q - an uncursed +0 orcish helm (being worn) M - an uncursed burnt +0 pair of jumping boots (being worn) j - an uncursed +0 shield of reflection (being worn) r - a blessed +1 orcish cloak (being worn) N - a blessed greased +2 gray dragon scale mail (being worn) Comestibles ('%') R - an uncursed food ration L - 2 uncursed tripe rations Scrolls ('?') I - 2 uncursed scrolls of blank paper Potions ('!') k - an uncursed potion of monster detection Q - an uncursed potion of water Rings ('=') i - an uncursed ring of fire resistance d - a cursed ring of polymorph p - an uncursed ring of protection from shape changers (on left hand) Wands ('/') z - an uncursed wand of light (0:8) G - an uncursed wand of magic missile (0:0) f - an uncursed wand of polymorph (0:6) t - an uncursed wand of wishing named 0:0 (0:0) Tools ('(') l - an uncursed towel Gems/Stones ('*') c - 16 uncursed flint stones (in quiver pouch) H - 6 uncursed flint stones Arasaka the Cavewoman's attributes: Background: You were a Wanderer, a level 6 dwarven Cavewoman. You were lawful, on a mission for Anu who was opposed by Ishtar (neutral) and Anshar (chaotic). You were in Sokoban, on level 7. You entered the dungeon 4402 turns ago. You had 504 experience points, 136 more were needed to attain level 7. Basics: You had 12 out of 76 hit points. You had all 15 energy points (spell power). Your armor class was -5. Your wallet contained 211 zorkmids. Autopickup was on for '$"?' plus thrown, with exceptions. Final Characteristics: Your strength was 18/02 (peak:18/05, limit:18/100). Your dexterity was 10 (limit:20). Your constitution was 19 (limit:20). Your intelligence was 7 (limit:16). Your wisdom was 11 (limit:16). Your charisma was 7 (limit:16). Final Status: You were not hungry. You were unencumbered. You were wielding a dagger. You were unskilled in dagger. Final Attributes: You were piously aligned. You were magic-protected. You were telepathic. You had infravision. You could jump. You were warded. You were protected from shape changers. You had reflection. You survived. Miscellaneous: You disabled loading of bones levels. Total elapsed playing time was 32 minutes and 39 seconds. Vanquished creatures: a housecat a human zombie a soldier ant an imp 2 Uruk-hai a pony 3 yellow lights a shrieker a violet fungus a gray ooze a paper golem a baby crocodile a giant ant 3 floating eyes 2 homunculi a kobold leader 2 kobold shamans a rothe a giant bat an orc zombie 4 iguanas 3 gas spores 2 hobbits a hobgoblin 2 giant rats a brown mold 2 yellow molds a gnome zombie 3 jackals a fox 3 goblins 4 sewer rats 6 grid bugs 9 lichens a kobold zombie 5 newts 75 creatures vanquished. No species were genocided or became extinct. Voluntary challenges: You read items or engraved 25 times. You engraved Elbereth 13 times. You never genocided any monsters. You never polymorphed an object. You never changed form. You used 2 wishes. You did not wish for any artifacts. You did not violate any of the special Sokoban rules. Achievements: You entered the Gnomish Mines. You attained the rank of Aborigine. You entered a shop. You attained the rank of Wanderer. You entered the Big Room. You entered Sokoban. The Dungeons of Doom: levels 1 to 10 Level 1: "vl" Level 2: Stairs down to The Gnomish Mines. Level 3: A weapon shop, an altar. Level 4: Level 5: "v" Level 6: Level 7: Oracle of Delphi. Level 8: Stairs up to Sokoban, level 7. Level 9: A grave. Level 10: A fountain, many trees. A very big room. The Gnomish Mines: Level 3: Sokoban: Level 7: <- You were here. Unsolved. Goodbye Arasaka the Cavewoman... You quit in Sokoban on dungeon level 7 with 2797 points, and 211 pieces of gold, after 4402 moves. You were level 6 with a maximum of 76 hit points when you quit.